 Dungeon Crawl Stone Soup version 0.16.1-11-g651b585 (webtiles) character file.

35 Magnus the Firebug (level 3, 0/24 HPs)
             Began as a Mummy Fire Elementalist on Apr 5, 2015.
             Slain by a gnoll (2 damage)
             ... on level 1 of the Dungeon.
             The game lasted 00:07:09 (1575 turns).

Magnus the Firebug (Mummy Fire Elementalist)        Turns: 1575, Time: 00:07:10

Health: 0/24       AC:  2    Str: 11    XL:     3   Next: 17%
Magic:  0/6        EV:  6    Int: 15    God:
Gold:   25         SH:  0    Dex: 12    Spells: 2 memorised, 4 levels left

rFire  x . .     SeeInvis .     (no weapon)
rCold  + . .     Clarity  .     a - +0 robe
rNeg   + + +     SustAb   .     (no shield)
rPois  ∞         Gourm    .     (no helmet)
rElec  .         Spirit   .     (no cloak)
rCorr  .         Warding  .     (no gloves)
rMut   .         Stasis   .     (no boots)
MR     .....                    (no amulet)
Stlth  ++........               (no ring)
                                (no ring)

@: held, not resistant to hostile enchantments, unstealthy
A: no food or potions, fire vulnerability, restore body, cold resistance 1,
negative energy resistance 3, poison resistance, torment resistance, unbreathing
a: no special abilities


You were on level 1 of the Dungeon.
You were not hungry.

You visited 1 branch of the dungeon, and saw 1 of its levels.

You collected 25 gold pieces.

Inventory:

Armour
 a - a +0 robe (worn)
Scrolls
 c - a scroll of immolation {unknown}
 d - a scroll of identify {unknown}
 e - a scroll of amnesia {unknown}
Books
 b - a book of Flames

   Spells                             Type                      Level
   a - Flame Tongue                   Conjuration/Fire             1
   b - Throw Flame                    Conjuration/Fire             2
   c - Conjure Flame                  Conjuration/Fire             3
   d - Inner Flame                    Hexes/Fire                   3
   e - Sticky Flame                   Conjuration/Fire             4
   f - Fireball                       Conjuration/Fire             5


   Skills:
 - Level 1.5 Dodging
 - Level 1.5 Stealth
 + Level 2.7 Spellcasting
 - Level 0.7 Conjurations
 + Level 3.0 Fire Magic


You had 4 spell levels left.
You knew the following spells:

 Your Spells              Type           Power        Failure   Level  Hunger
a - Flame Tongue          Conj/Fire      #....        12%         1    N/A
b - Throw Flame           Conj/Fire      #.....       14%         2    N/A

Dungeon Overview and Level Annotations

Branches:
Dungeon (1/15)

Altars:


Innate Abilities, Weirdness & Mutations

You do not eat or drink.
Your flesh is vulnerable to fire.
Your flesh is cold resistant.
You are immune to negative energy.
Your system is resistant to poisons.
You are immune to unholy pain and torment.
You can survive without breathing.


Message History

Confirm with . or Enter, or press ? or * to list all spells.
Aiming: Flame Tongue
Press: ? - help, Shift-Dir - straight line, f/p - hobgoblin
Aim: a hobgoblin, wielding a club (heavily wounded)
The flame tongue hits the hobgoblin.
The hobgoblin is severely wounded.
The hobgoblin hits you with a club. The gnoll hits you!
* * * LOW HITPOINT WARNING * * *
Casting: Flame Tongue
Confirm with . or Enter, or press ? or * to list all spells.
Aiming: Flame Tongue
Press: ? - help, Shift-Dir - straight line, f/p - hobgoblin
Aim: a hobgoblin, wielding a club (heavily wounded)
The flame tongue hits the hobgoblin.
You kill the hobgoblin!
The gnoll throws a throwing net.
The throwing net hits you.
You become entangled in the net!
You struggle against the net.
You struggle against the net.
The gnoll hits you.
You die...

#####...##### *****
##..##...##..# *,,,**
#....#...##..## *,,,**
#....#...#....## *,,.#.
#..............####.....
#(...#..................
##...#...##.##..........
###.#.g.##.###..##...##
#...@.##.#....#,,#..#
####....##........***.#
##.....>##....#.#..# *,*
##............##....# *,*
#.....†...##.####...##*,*
#..........%.........#*,*
##...................#*,*
##....##...#........##.#
#####.....#............


You could see a gnoll.

Vanquished Creatures
  A worm (D:1)
  A giant gecko (D:1)
  4 giant cockroaches (D:1)
  5 hobgoblins (D:1)
  5 kobolds (D:1)
  A ball python (D:1)
  2 giant newts (D:1)
  4 goblins (D:1)
  3 rats (D:1)
26 creatures vanquished.

Notes
Turn   | Place    | Note
--------------------------------------------------------------
     0 | D:1      | Magnus, the Mummy Fire Elementalist, began the quest for the Orb.
     0 | D:1      | Reached XP level 1. HP: 13/13 MP: 3/3
   466 | D:1      | Reached XP level 2. HP: 16/19 MP: 0/5
   471 | D:1      | Learned a level 2 spell: Throw Flame
  1098 | D:1      | Reached skill level 3 in Fire Magic
  1181 | D:1      | Reached XP level 3. HP: 16/24 MP: 0/6
  1562 | D:1      | HP: 1/24 [gnoll (9)]
  1575 | D:1      | Slain by a gnoll

Action                   || total
-------------------------++-------
Melee: Unarmed           ||    83
 Cast: Flame Tongue      ||    55
       Throw Flame       ||     5
  Use: Scroll            ||     1
